PAAA
PLYMOUTH ROCKS @ MILTON DOGFISH HEAD
09/18/2029
 
TOP OF THE 1ST
Plymouth Rocks batting - Pitching for Milton Dogfish Head : RHP Juan Lara
Pitching: RHP Juan Lara
Batting: LHB José Castillo 0-0: Ball
1-0: Ball
2-0: Ball
3-0: Base on Balls
Batting: LHB Koen van den Bogaert 0-0: Called Strike
0-1: Ball
1-1: Swinging Strike
1-2: SINGLE (Line Drive, 89S)
José Castillo to second
Runner from 2nd tries for 3rd, SAFE, no throw
Batting: RHB Arturo Maldonado 0-0: Fly out, F6 (Popup, 6MS)
Batting: SHB Javier Vega 0-0: Ball
1-0: Ball
2-0: Swinging Strike
2-1: Ball
3-1: Foul Ball, location: 2F
3-2: Foul Ball, location: 2F
3-2: Foul Ball, location: 2F
3-2: Foul Ball, location: 2F
3-2: Base on Balls
Koen van den Bogaert to second
Batting: SHB Roku Hara 0-0: Called Strike
0-1: Called Strike
0-2: TRIPLE (Line Drive, 9LD)
José Castillo scores
Koen van den Bogaert scores
Javier Vega scores
Batting: SHB Arnold Griffith 0-0: Called Strike
0-1: Ground out 4-3 (Groundball, 6MS)
Roku Hara scores
Batting: RHB Andrew Weeks 0-0: Ball
1-0: Called Strike
1-1: SINGLE (Groundball, 4MD)
Batting: RHB Hubert Dodson 0-0: Swinging Strike
0-1: Fielders Choice at 2nd, 6-4 (Groundball, 6)
Top of the 1st over - 4 runs, 3 hits, 0 errors, 1 left on base; Plymouth 4 - Milton 0
BOTTOM OF THE 1ST
Milton Dogfish Head batting - Pitching for Plymouth Rocks : RHP Octavius Pringle
Pitching: RHP Octavius Pringle
Batting: RHB JoJo Victory 0-0: Called Strike
0-1: Ball
1-1: Ball
2-1: Ball
3-1: Base on Balls
Batting: SHB Enrique Costello 0-0: SINGLE (Groundball, 34S) (infield hit)
JoJo Victory to second
Batting: LHB Víctor Robledo 0-0: Ball
1-0: Called Strike
1-1: Fielders Choice at 2nd, 3-6 (Groundball, 3)
JoJo Victory to third
Batting: RHB Paco Muñóz 0-0: Foul Ball, location: 2F
0-1: Grounds into double play, 4-6-3 (Groundball, 4M)
Bottom of the 1st over - 0 runs, 1 hit, 0 errors, 1 left on base; Plymouth 4 - Milton 0
TOP OF THE 2ND
Plymouth Rocks batting - Pitching for Milton Dogfish Head : RHP Juan Lara
Batting: RHB John Townsend 0-0: Called Strike
0-1: Swinging Strike
0-2: Ground out 4-3 (Groundball, 4S)
Batting: LHB José Castillo 0-0: Ball
1-0: SOLO HOME RUN (Flyball, 78D), Distance : 421 ft
Batting: LHB Koen van den Bogaert 0-0: Swinging Strike
0-1: Foul Ball, location: 2F
0-2: SINGLE (Groundball, 6MD)
Batting: RHB Arturo Maldonado 0-0: Ball
Passed Ball!
Koen van den Bogaert to second
1-0: Called Strike
1-1: Swinging Strike
1-2: Foul Ball, location: 2F
1-2: Ball
2-2: Foul Ball, location: 2F
2-2: Ball
3-2: Strikes out swinging
Batting: SHB Javier Vega 0-0: Ball
1-0: Swinging Strike
1-1: Called Strike
1-2: Foul Ball, location: 2F
1-2: Foul Ball, location: 2F
1-2: Ball
2-2: SINGLE (Line Drive, 56D)
Koen van den Bogaert to third
Runner from 3rd tries for Home, SAFE, no throw
Batting: SHB Roku Hara 0-0: Ball
1-0: Foul Ball, location: 2F
1-1: Called Strike
Javier Vega steals 2nd base
1-2: Fly out, F8 (Flyball, 8LXD)
Top of the 2nd over - 2 runs, 3 hits, 0 errors, 1 left on base; Plymouth 6 - Milton 0
BOTTOM OF THE 2ND
Milton Dogfish Head batting - Pitching for Plymouth Rocks : RHP Octavius Pringle
Batting: LHB Floyd Long 0-0: Called Strike
0-1: Ball
1-1: Ball
2-1: Called Strike
2-2: Ball
3-2: Base on Balls
Batting: RHB Luis Alomar 0-0: Ball
Wild Pitch!
Floyd Long to second
1-0: Fly out, F8 (Flyball, 8RM)
Batting: RHB Miguel Montoya 0-0: Ball
1-0: Ball
2-0: Foul Ball, location: 2F
2-1: Swinging Strike
2-2: Ball
3-2: Ground out 6-3 (Groundball, 6S)
Floyd Long to third
Batting: LHB Edward Woodstock 0-0: Ball
1-0: Fly out, F9 (Flyball, 9LSF)
Bottom of the 2nd over - 0 runs, 0 hits, 0 errors, 1 left on base; Plymouth 6 - Milton 0
TOP OF THE 3RD
Plymouth Rocks batting - Pitching for Milton Dogfish Head : RHP Juan Lara
Batting: SHB Arnold Griffith 0-0: Foul Ball, location: 2F
0-1: SINGLE (Line Drive, 56D)
Batting: RHB Andrew Weeks 0-0: Swinging Strike
0-1: Ball
1-1: Fielders Choice at 2nd, 5-4 (Groundball, 56)
Batting: RHB Hubert Dodson 0-0: Ball
1-0: Called Strike
1-1: Swinging Strike
1-2: Ball
2-2: Ball
3-2: Strikes out looking
Batting: RHB John Townsend 0-0: Called Strike
0-1: Foul Ball, location: 2F
0-2: Ball
1-2: Ball
2-2: Foul Ball, location: 2F
2-2: Ball
3-2: Base on Balls
Andrew Weeks to second
Batting: LHB José Castillo 0-0: Foul Ball, location: 2F
0-1: Called Strike
0-2: Foul Ball, location: 2F
0-2: Foul Ball, location: 2F
0-2: DOUBLE (Line Drive, 9LS)
Andrew Weeks scores
John Townsend to third
Runner from 3rd tries for Home, SAFE, throw made at trailing runner, OUT at third!
Top of the 3rd over - 2 runs, 2 hits, 0 errors, 0 left on base; Plymouth 8 - Milton 0
BOTTOM OF THE 3RD
Milton Dogfish Head batting - Pitching for Plymouth Rocks : RHP Octavius Pringle
Batting: RHB Lorenzo Rosas 0-0: SINGLE (Flyball, 7S) - OUT at second base trying to stretch hit.
Batting: RHB JoJo Victory 0-0: Ball
1-0: Swinging Strike
1-1: Called Strike
1-2: Ball
2-2: Ground out 6-3 (Groundball, 6)
Batting: SHB Enrique Costello 0-0: Ground out 4-3 (Groundball, 4)
Bottom of the 3rd over - 0 runs, 1 hit, 0 errors, 0 left on base; Plymouth 8 - Milton 0
TOP OF THE 4TH
Plymouth Rocks batting - Pitching for Milton Dogfish Head : RHP Juan Lara
Batting: LHB Koen van den Bogaert 0-0: Called Strike
0-1: Ball
1-1: Foul Ball, location: 2F
1-2: SINGLE (Groundball, 4D)
Batting: RHB Arturo Maldonado 0-0: Called Strike
0-1: Fly out, F4 (Popup, 3S)
Batting: SHB Javier Vega 0-0: Called Strike
0-1: Swinging Strike
0-2: Ball
1-2: Strikes out looking
Batting: SHB Roku Hara 0-0: Called Strike
0-1: Ball
1-1: Fielders Choice at 2nd, U4 (Groundball, 4M)
Top of the 4th over - 0 runs, 1 hit, 0 errors, 1 left on base; Plymouth 8 - Milton 0
BOTTOM OF THE 4TH
Milton Dogfish Head batting - Pitching for Plymouth Rocks : RHP Octavius Pringle
Batting: LHB Víctor Robledo 0-0: Called Strike
0-1: Ball
1-1: Ball
2-1: Foul Ball, location: 2F
2-2: Ball
3-2: Ground out 1-3 (Groundball, P)
Batting: RHB Paco Muñóz 0-0: Ground out 5-3 (Groundball, 56)
Batting: LHB Floyd Long 0-0: Called Strike
0-1: Foul Ball, location: 2F
0-2: Foul Ball, location: 2F
0-2: Ball
1-2: SOLO HOME RUN (Flyball, 9D), Distance : 381 ft
Batting: RHB Luis Alomar 0-0: Called Strike
0-1: Ball
1-1: Swinging Strike
1-2: Ground out 4-3 (Groundball, 4)
Bottom of the 4th over - 1 run, 1 hit, 0 errors, 0 left on base; Plymouth 8 - Milton 1
TOP OF THE 5TH
Plymouth Rocks batting - Pitching for Milton Dogfish Head : RHP Juan Lara
Batting: SHB Arnold Griffith 0-0: Fly out, F5 (Line Drive, 56)
Batting: RHB Andrew Weeks 0-0: Called Strike
0-1: Fly out, F9 (Flyball, 9S)
Batting: RHB Hubert Dodson 0-0: Ground out U3 (Groundball, 34)
Top of the 5th over - 0 runs, 0 hits, 0 errors, 0 left on base; Plymouth 8 - Milton 1
BOTTOM OF THE 5TH
Milton Dogfish Head batting - Pitching for Plymouth Rocks : RHP Octavius Pringle
Batting: RHB Miguel Montoya 0-0: Ball
1-0: Ball
2-0: Ball
3-0: Called Strike
3-1: Called Strike
3-2: Ground out 6-3 (Groundball, 6MD)
Batting: LHB Edward Woodstock 0-0: Ball
1-0: Foul Ball, location: 2F
1-1: Called Strike
1-2: Ball
2-2: Strikes out swinging
Batting: RHB Lorenzo Rosas 0-0: Ball
1-0: Called Strike
1-1: Fly out, F8 (Flyball, 8RM)
Bottom of the 5th over - 0 runs, 0 hits, 0 errors, 0 left on base; Plymouth 8 - Milton 1
TOP OF THE 6TH
Plymouth Rocks batting - Pitching for Milton Dogfish Head : RHP Juan Lara
Batting: RHB John Townsend 0-0: SINGLE (Groundball, 4D)
Batting: LHB José Castillo 0-0: Ball
1-0: Ball
2-0: Ball
3-0: Called Strike
3-1: Base on Balls
John Townsend to second
Pitching: RHP Bobby Irvine
Batting: LHB Koen van den Bogaert 0-0: Called Strike
0-1: Ball
1-1: Ball
2-1: Fly out, F8 (Flyball, 8RD)
Batting: RHB Arturo Maldonado 0-0: Fly out, F9 (Flyball, 9)
Batting: SHB Javier Vega 0-0: Ball
1-0: Ball
2-0: Ball
3-0: Called Strike
3-1: DOUBLE (Flyball, 8RXD)
John Townsend scores
José Castillo to third
Batting: SHB Roku Hara 0-0: Swinging Strike
0-1: Ball
1-1: Ball
2-1: SINGLE (Line Drive, 78M)
José Castillo scores
Javier Vega to third
Runner from 3rd tries for Home, SAFE, throw made home
Batting: SHB Arnold Griffith 0-0: Fly out, F8 (Flyball, 78M)
Top of the 6th over - 3 runs, 3 hits, 0 errors, 1 left on base; Plymouth 11 - Milton 1
BOTTOM OF THE 6TH
Milton Dogfish Head batting - Pitching for Plymouth Rocks : RHP Octavius Pringle
Batting: RHB JoJo Victory 0-0: Ball
1-0: Swinging Strike
1-1: SINGLE (Line Drive, 4) (infield hit)
Batting: SHB Enrique Costello 0-0: Foul Ball, location: 2F
0-1: Ball
1-1: Fly out, F7 (Flyball, 78M)
Batting: LHB Víctor Robledo 0-0: Called Strike
0-1: Ball
1-1: Ball
2-1: 2-RUN HOME RUN (Line Drive, 9D), Distance : 364 ft
Batting: RHB Paco Muñóz 0-0: Ball
1-0: Ball
2-0: Ball
3-0: Called Strike
3-1: Base on Balls
Batting: LHB Floyd Long 0-0: Foul Ball, location: 2F
0-1: Called Strike
0-2: Foul Ball, location: 2F
0-2: Ball
1-2: Grounds into double play, 4-6-3 (Groundball, 4)
Bottom of the 6th over - 2 runs, 2 hits, 0 errors, 0 left on base; Plymouth 11 - Milton 3
TOP OF THE 7TH
Plymouth Rocks batting - Pitching for Milton Dogfish Head : RHP Bobby Irvine
Batting: RHB Andrew Weeks 0-0: Ball
1-0: Ball
2-0: Fly out, F3 (Popup, 3F)
Batting: RHB Hubert Dodson 0-0: Swinging Strike
0-1: Ball
1-1: Fly out, F2 (Popup, 3SF)
Batting: RHB John Townsend 0-0: Ball
1-0: Ball
2-0: Ball
3-0: Foul Ball, location: 2F
3-1: Foul Ball, location: 2F
3-2: Strikes out swinging
Top of the 7th over - 0 runs, 0 hits, 0 errors, 0 left on base; Plymouth 11 - Milton 3
BOTTOM OF THE 7TH
Milton Dogfish Head batting - Pitching for Plymouth Rocks : RHP Octavius Pringle
Batting: RHB Luis Alomar 0-0: Foul Ball, location: 2F
0-1: SINGLE (Line Drive, 5D)
Pitching: LHP Ryan McCall
Batting: RHB Miguel Montoya 0-0: Ball
1-0: Called Strike
1-1: Ball
2-1: Fly out, F3 (Popup, 3S)
Batting: LHB Edward Woodstock 0-0: Called Strike
0-1: Ball
1-1: Ball
2-1: Swinging Strike
2-2: Foul Ball, location: 2F
2-2: Foul Ball, location: 2F
2-2: Strikes out swinging
Batting: RHB Lorenzo Rosas 0-0: Called Strike
0-1: Called Strike
0-2: Ball
1-2: Ball
2-2: Fly out, F7 (Flyball, 7S)
Bottom of the 7th over - 0 runs, 1 hit, 0 errors, 1 left on base; Plymouth 11 - Milton 3
TOP OF THE 8TH
Plymouth Rocks batting - Pitching for Milton Dogfish Head : RHP Bobby Irvine
Batting: LHB José Castillo 0-0: Called Strike
0-1: Ball
1-1: Called Strike
1-2: Strikes out swinging
Batting: LHB Koen van den Bogaert 0-0: Ground out 5-3 (Groundball, 56)
Batting: RHB Arturo Maldonado 0-0: Ball
1-0: Ground out 6-3 (Groundball, 6)
Top of the 8th over - 0 runs, 0 hits, 0 errors, 0 left on base; Plymouth 11 - Milton 3
BOTTOM OF THE 8TH
Milton Dogfish Head batting - Pitching for Plymouth Rocks : LHP Ryan McCall
Batting: RHB JoJo Victory 0-0: Swinging Strike
0-1: Ball
1-1: Swinging Strike
1-2: Ball
2-2: Ball
3-2: Base on Balls
Pinch Hitting: RHB Rich Flannery 0-0: Called Strike
0-1: Foul Ball, location: 2F
0-2: Ball
1-2: Strikes out swinging
Batting: LHB Víctor Robledo 0-0: Grounds into double play, 5-4-3 (Groundball, 56)
Bottom of the 8th over - 0 runs, 0 hits, 0 errors, 0 left on base; Plymouth 11 - Milton 3
TOP OF THE 9TH
Plymouth Rocks batting - Pitching for Milton Dogfish Head : RHP Bobby Irvine
Now at 2B: Jon Baxter
Batting: SHB Javier Vega 0-0: Swinging Strike
0-1: Foul Ball, location: 2F
0-2: Foul Ball, location: 2F
0-2: Foul Ball, location: 2F
0-2: Foul Ball, location: 2F
0-2: Strikes out swinging
Batting: SHB Roku Hara 0-0: Ball
1-0: Swinging Strike
1-1: Ball
2-1: Ball
3-1: Called Strike
3-2: Ground out U3 (Groundball, 3L)
Batting: SHB Arnold Griffith 0-0: Ball
1-0: Swinging Strike
1-1: Swinging Strike
1-2: Foul Ball, location: 2F
1-2: Ball
2-2: Foul Ball, location: 2F
2-2: Strikes out looking
Top of the 9th over - 0 runs, 0 hits, 0 errors, 0 left on base; Plymouth 11 - Milton 3
BOTTOM OF THE 9TH
Milton Dogfish Head batting - Pitching for Plymouth Rocks : LHP Ryan McCall
Batting: RHB Paco Muñóz 0-0: Called Strike
0-1: Fly out, F8 (Flyball, 89S)
Batting: LHB Floyd Long 0-0: Called Strike
0-1: Called Strike
0-2: Strikes out swinging
Batting: RHB Luis Alomar 0-0: Foul Ball, location: 2F
0-1: Swinging Strike
0-2: Ball
1-2: Fly out, F8 (Flyball, 8LM)
Bottom of the 9th over - 0 runs, 0 hits, 0 errors, 0 left on base; Plymouth 11 - Milton 3
Tuesday, December 19th, 2017 - OOTP Baseball 18.8 Build 76